[Event "*** Titled Tuesday 3|2 Blitz"]
[Site "Chess.com"]
[Date "2017.05.02"]
[Round "3"]
[White "BigMak2500"]
[Black "wonderfultime"]
[Result "0-1"]
[WhiteElo "2389"]
[BlackElo "2575"]
[TimeControl "180+2"]
[EndTime "13:35:25 PDT"]
[Termination "wonderfultime won by resignation"]

1. d4 d5 2. c4 c6 3. Nf3 Nf6 4.
Nc3 dxc4 5. a4 Bf5 6. Ne5 Nbd7 7. Nxc4 Nb6 8. Ne3 Bg6 9. a5 Nbd7 10. g3 e6 11. Bg2 Be7 12. O-O O-O 13. a6 Qc7 14.
axb7 Qxb7 15. Nc4 Nd5 16. e4 Nb4 17. Na5 Qb6 18. Be3 Rfd8 19. d5 Nc5 20. Nc4 Qc7 21.
d6 Bxd6 22. Nxd6 Rxd6 23. Qe2 Ncd3 24. Ra4 a5 25. h4 f6 26. h5 Bf7 27. h6 g6 28. f4 Rdd8 29. f5 exf5 30. exf5 g5 31. Ne4 Qe5 32. Raa1 Re8 33. Rad1 Bd5 34. Rxd3 Bxe4 35.
Rc3 Bxg2 36. Qxg2 Nd5 37. Re1 Nxc3 38. bxc3 Qxf5 39. Qxc6 Qe6 40. Qf3 Qf7 41. Rf1 a4 42. Bd4 Rf8 43. Qf5 Ra6 44. Qb5 Rfa8 45. Rf5 a3 46. c4 a2 47. Ba1 Re6 48. Rxg5+ fxg5 49. Qxg5+ Rg6 50. Qe5 Rf6 51. Qg5+ Kf8 52. Qc5+ Qe7 53.
Qd5 Rd8 54. Qg5 Rf1+ 55. Kg2 Qxg5 0-1

[Event "*** Titled Tuesday 3|2 Blitz"]
[Site "Chess.com"]
[Date "2017.05.02"]
[Round "3"]
[White "Drags95"]
[Black "iturrizaga"]
[Result "0-1"]
[WhiteElo "2534"]
[BlackElo "2674"]
[TimeControl "180+2"]
[EndTime "13:35:27 PDT"]
[Termination "iturrizaga won by resignation"]

1. e4 c5 2. Nf3 g6 3. d4 cxd4 4.
Nxd4 Nc6 5. c4 Nf6 6. Nc3 d6 7. Be2 Bg7 8. Be3 O-O 9. O-O Bd7 10. Qd2 Nxd4 11. Bxd4 Bc6 12. f3 a5 13. b3 Nd7 14.
Be3 Nc5 15. Rab1 Be5 16. a3 e6 17. Kh1 Qh4 18. Bg1 f5 19. b4 axb4 20. axb4 Ra3 21. bxc5 Rxc3 22. cxd6 fxe4 23. fxe4 Qxe4 24. Rxf8+ Kxf8 25.
Rf1+ Kg7 26. Bf3 Rxf3 27. Rxf3 Qxf3 28. d7 Bf6 29. gxf3 Bxf3+ 30. Qg2 Bxg2+ 31. Kxg2 Bd8 32. Kf3 Kf6 33. Bc5 e5 34. Ke4 Ke6 35. h3 Bf6 36.
Be3 g5 37. Bd2 h5 38. Bc3 g4 39. hxg4 hxg4 40. d8=Q Bxd8 41. Bxe5 Bg5 42. Bg3 Bd2 43. Kd3 Bb4 44. Ke4 Bd6 45. Be1 g3 46. Kf3 Kf5 47.
c5 Bc7 48. Bc3 Ke6 49. Bd4 Kd5 50. Be3 Be5 51. Bd2 Kxc5 0-1

[Event "*** Titled Tuesday 3|2 Blitz"]
[Site "Chess.com"]
[Date "2017.05.02"]
[Round "3"]
[White "DrVitman"]
[Black "Keaton87"]
[Result "1-0"]
[WhiteElo "2614"]
[BlackElo "2473"]
[TimeControl "180+2"]
[EndTime "13:35:36 PDT"]
[Termination "DrVitman won by resignation"]

1. d4 Nf6 2. c4 g6 3. Nc3 Bg7 4.
e4 d6 5. Be2 O-O 6. Be3 c6 7. Nf3 e5 8. d5 c5 9. Nd2 Kh8 10. h4 Ng8 11. h5 Na6 12. hxg6 fxg6 13. a3 Nc7 14. Bg4 Nf6 15. Bxc8 Qxc8 16. Qe2 Qg4 17. f3 Qd7 18. g4 a6 19. a4 b5 20. b3 bxa4 21. Rxa4 h5 22. Bg5 Nh7 23. Be3 Nf6 24. Qg2 Kg8 25. gxh5 gxh5 26. Bg5 Nce8 27. Ke2 Kf7 28. Qh3 Qxh3 29. Rxh3 Kg6 30. Bh4 Bh6 31. Nd1 Bxd2 32. Kxd2 Kf7 33. Ne3 Rg8 34.
Nf5 Rg2+ 35. Kc3 a5 36. Bxf6 Kxf6 37. Rxh5 Kg6 38. Rh8 Rf2 39. Nxd6 Rxf3+ 40. Kb2 Rb8 41. Nb5 Kg7 42. Rh5 Nf6 43. Rxe5 Rh8 44. Rg5+ Kf8 45. Rf5 Rh2+ 46. Ka3 Rxf5 47. exf5 Ne4 48. Rxa5 Rh1 49. Ra8+ Ke7 50. Ra7+ Kf6 51. d6 Nxd6 52. Rc7 Nxb5+ 53.
cxb5 Kxf5 54. Rxc5+ Ke6 55. b6 Kd7 56. Kb4 Rh3 57. b7 Rh8 58. Kb5 1-0

[Event "*** Titled Tuesday 3|2 Blitz"]
[Site "Chess.com"]
[Date "2017.05.02"]
[Round "3"]
[White "Olkaa"]
[Black "IMVoja"]
[Result "1-0"]
[WhiteElo "2497"]
[BlackElo "2331"]
[TimeControl "180+2"]
[EndTime "13:35:36 PDT"]
[Termination "Olkaa won by resignation"]

1. e4 c6 2. d4 d5 3. Nd2 dxe4 4.
Nxe4 Nf6 5. Nxf6+ exf6 6. c3 Bd6 7. Bd3 Be6 8. Qc2 h5 9. Ne2 Qc7 10.
Be3 Nd7 11. O-O-O O-O-O 12. h4 c5 13. Kb1 c4 14. Be4 Nb6 15. g3 Bd7 16. Rde1 Kb8 17.
Nf4 g6 18. Ka1 Rhe8 19. Bc1 Ba4 20. Qd2 f5 21. Bf3 Bc6 22. Rxe8 Rxe8 23. Bxc6 Qxc6 24. Re1 Re4 25. Qd1 Qe8 26. Re3 Bxf4 27. Rxe4 Qxe4 28. Bxf4+ Kc8 29. f3 Qd5 30. Qe2 Kd7 31. Kb1 Qe6 32. Qd1 Qc6 33. Qe2 Qe6 34. Qd1 a6 35. b3 Qd5 36. Kc2 Nc8 37. Qe2 Ne7 38. bxc4 Qc6 39. Bg5 Nc8 40. Kd3 b5 41. cxb5 axb5 42.
Kd2 Qd5 43. Ke1 Qe6 44. Kf2 Qxe2+ 45. Kxe2 Ke6 46. Kd3 Kd5 47. a4 bxa4 48. c4+ Kc6 49. Kc3 Nd6 50. Be7 Nc8 51. Bc5 f6 52. f4 a3 53. Kb3 a2 54. Kxa2 Kd7 55. Kb3 Kc6 56.
Kb4 Kc7 57. d5 Kd7 58. Kb5 Kc7 59. Ka6 Kd7 60. Kb7 Nd6+ 61. Bxd6 Kxd6 62. Kb6 Kd7 63. c5 g5 64. c6+ Kd6 65. c7 Kd7 66. Kb7 1-0

[Event "*** Titled Tuesday 3|2 Blitz"]
[Site "Chess.com"]
[Date "2017.05.02"]
[Round "3"]
[White "grzechu96"]
[Black "FearlessKing64"]
[Result "1-0"]
[WhiteElo "2367"]
[BlackElo "2139"]
[TimeControl "180+2"]
[EndTime "13:35:40 PDT"]
[Termination "grzechu96 won by resignation"]

1. e4 c5 2. Nf3 d6 3. d4 cxd4 4.
Nxd4 Nf6 5. Nc3 a6 6. Be3 e5 7. Nb3 Be6 8. f3 Be7 9. Qd2 O-O 10. O-O-O Nbd7 11. g4 b5 12. g5 b4 13. Ne2 Ne8 14. f4 a5 15. f5 Bxb3 16. cxb3 a4 17. bxa4 Rxa4 18. Kb1 Rxa2 19. Nc1 Ra8 20. Nb3 Qc7 21. Bb5 Qb7 22. Qd5 Rb8 23. Qxb7 Rxb7 24. Bc6 Rc7 25.
Rc1 Nc5 26. Bd5 Ra7 27. Nxc5 dxc5 28. Rxc5 Bxc5 29. Bxc5 Rd7 30. Bxf8 Kxf8 31. Rc1 Nd6 32. Rc6 Ke7 33. Rb6 f6 34. gxf6+ gxf6 35. Rxb4 Nf7 36.
Rb6 Ng5 37. Rb8 Kd6 38. h4 Nf3 39. h5 Kc5 40. Rf8 Nd2+ 41. Kc2 Nf1 42. Rxf6 Kd4 43. Rf7 Ne3+ 44. Kd2 Rd8 45. Rxh7 Rc8 46. Rb7 Rc2+ 47. Ke1 Ng2+ 48. Kf1 Ne3+ 49. Kg1 Rg2+ 50. Kh1 Rg5 51. Bf7 Kd3 52. h6 Ke2 53. Rb3 Kf2 54. Rxe3 Kxe3 55. h7 1-0

[Event "*** Titled Tuesday 3|2 Blitz"]
[Site "Chess.com"]
[Date "2017.05.02"]
[Round "3"]
[White "olgerts_indricans"]
[Black "pedroholly22"]
[Result "1-0"]
[WhiteElo "2269"]
[BlackElo "2260"]
[TimeControl "180+2"]
[EndTime "13:35:40 PDT"]
[Termination "olgerts_indricans won by checkmate"]

1. e4 e5 2. Nf3 Nc6 3. Bc4 Nf6 4.
d3 Bc5 5. c3 O-O 6. a4 d5 7. exd5 Nxd5 8. b4 Be7 9. Qb3 Be6 10.
O-O a6 11. a5 b5 12. axb6 cxb6 13. Qa2 b5 14. Bb3 a5 15. bxa5 Nxa5 16. Bxd5 Bxd5 17.
Qe2 e4 18. Nfd2 exd3 19. Qxd3 Bf6 20. Qxb5 Bc6 21. Qf5 Qc7 22. Ba3 Rfe8 23. Bb4 Nb7 24. Rxa8 Rxa8 25. Ne4 Bd8 26. Nbd2 g6 27. Qh3 f5 28.
Nc5 Nxc5 29. Bxc5 Bb5 30. Bd4 Bxf1 31. Nxf1 Ra1 32. Qd3 Qc6 33. h4 Bxh4 34. g3 Bf6 35. c4 Bxd4 36. Qxd4 Ra8 37. Ne3 Ra1+ 38. Qxa1 f4 39.
gxf4 Qf3 40. Qf6 Qe2 41. f5 Qe1+ 42. Kg2 Qb1 43. Qe6+ Kg7 44. Qe5+ Kh6 45. Qf4+ Kg7 46.
Qe5+ Kh6 47. f6 Qd1 48. Nxd1 g5 49. Ne3 Kh5 50. Qf5 h6 51. f7 Kh4 52. Qg4# 1-0

[Event "*** Titled Tuesday 3|2 Blitz"]
[Site "Chess.com"]
[Date "2017.05.02"]
[Round "3"]
[White "hypert"]
[Black "BjarkeSahl"]
[Result "1/2-1/2"]
[WhiteElo "2276"]
[BlackElo "2154"]
[TimeControl "180+2"]
[EndTime "13:35:54 PDT"]
[Termination "Game drawn by repetition"]

1. e4 c5 2. Nf3 e6 3. d4 cxd4 4.
Nxd4 Nc6 5. Nc3 Nf6 6. Ndb5 d6 7.
Bf4 e5 8. Bg5 a6 9. Na3 b5 10.
Nd5 Be7 11. Bxf6 Bxf6 12. c4 O-O 13. cxb5 Nd4 14. Bd3 axb5 15. Nxb5 Nxb5 16. Bxb5 Qa5+ 17. Nc3 d5 18. Qxd5 Rd8 19. Qc4 Be6 20. Qe2 Bg5 21. Rd1 Rxd1+ 22. Qxd1 Rd8 23. Qa4 Bd2+ 24. Ke2 Bxc3 25.
bxc3 Qxc3 26. Rd1 Rb8 27. Kf1 g6 28. Kg1 Bg4 29. Rf1 Kg7 30. h3 Be6 31. Bc6 Bc4 32.
Rd1 Be2 33. Rd7 Rb1+ 34. Kh2 Bc4 35. Bd5 Bxd5 36. exd5 Rb4 37. Qa7 Rf4 38. Qe3 Qb2 39. Re7 Rf5 40. d6 Qd4 41. Qxd4 exd4 42. Ra7 Rd5 43. Rc7 Rxd6 44. Rc1 Ra6 45. Rd1 Rxa2 46. Rxd4 Rxf2 47. Kg3 Rf5 48. h4 h5 49. Kh3 Re5 50.
g3 Kf6 51. Kg2 Ke6 52. Kf3 Rd5 53. Ra4 Rd3+ 54. Kf4 Rd6 55. Ra5 Kf6 56. Ra8 Rd4+ 57. Kf3 Ke5 58. Ra5+ Rd5 59. Ra8 Rd3+ 60. Kf2 Kf5 61. Ra4 f6 62. Rf4+ Ke5 63. Ra4 Rd4 64. Ra5+ Ke4 65. Ra2 f5 66. Re2+ Kd5 67. Re8 Re4 68. Rg8 Re6 69. Kf3 Ke5 70. Ra8 Rd6 71. Ra5+ Rd5 72. Ra3 Rd4 73. Ra5+ Rd5 74. Ra3 Rd4 75.
Ra5+ Rd5 76. Ra3 Rd4 1/2-1/2

[Event "*** Titled Tuesday 3|2 Blitz"]
[Site "Chess.com"]
[Date "2017.05.02"]
[Round "3"]
[White "kleinebeer98"]
[Black "anon102030"]
[Result "1-0"]
[WhiteElo "2455"]
[BlackElo "2583"]
[TimeControl "180+2"]
[EndTime "13:35:55 PDT"]
[Termination "kleinebeer98 won on time"]

1. e4 e5 2. Nf3 Nc6 3. Bb5 Nge7 4.
O-O d6 5. c3 Bd7 6. d4 Ng6 7. Re1 Be7 8. Nbd2 O-O 9. Nf1 Nxd4 10. Nxd4 exd4 11. Bxd7 Qxd7 12. cxd4 d5 13. exd5 Qxd5 14.
Ne3 Qd7 15. Bd2 Qxd4 16. Nf5 Qf6 17. Nxe7+ Nxe7 18. Bc3 Qg5 19. Re5 Qf6 20. Re4 Qg5 21. Rg4 Qh6 22. Bxg7 Qxg7 23. Rxg7+ Kxg7 24. Qd4+ f6 25. Re1 Rf7 26. h4 Nc6 27. Qc3 h5 28. Re6 Rg8 29.
Qg3+ Kh7 30. Qf3 Kg6 31. b4 Rd8 32. Qg3+ Kh7 33. Qf4 Kg6 34. Qg5+ Kh7 35. Rxf6 Rg7 36. Qxh5+ Kg8 37. Rh6 Kf8 38. b5 Ne7 39. Rh8+ Ng8 40. Qf5+ Rf7 41. Qg5 Rd1+ 42. Kh2 Rg7 43. Qf6+ Rf7 44.
Qh6+ Rg7 45. Qf4+ Rf7 46. Rxg8+ Kxg8 47. Qg4+ 1-0

[Event "*** Titled Tuesday 3|2 Blitz"]
[Site "Chess.com"]
[Date "2017.05.02"]
[Round "3"]
[White "Enzy63"]
[Black "arna"]
[Result "0-1"]
[WhiteElo "2040"]
[BlackElo "2104"]
[TimeControl "180+2"]
[EndTime "13:35:55 PDT"]
[Termination "arna won by checkmate"]

1. d4 g6 2. Nf3 Bg7 3. g3 b5 4. Bg2 Bb7 5. c3 Nf6 6. a4 bxa4 7. Qxa4 O-O 8. O-O Qc8 9. Nbd2 Bc6 10.
Qc2 Qb7 11. c4 e6 12. Bh3 d6 13. Ne1 a5 14. f3 Nfd7 15. e3 Na6 16. Nd3 Rfb8 17. Bg2 d5 18. b3 Nb4 19. Nxb4 Qxb4 20. Ba3 Qb7 21. Rfc1 Rc8 22. Rab1 Bh6 23. f4 Bg7 24. Kh1 Nf6 25. c5 Bb5 26. Re1 Qa6 27. Nf3 Bd3 28. Qd1 Bxb1 29. Qxb1 Ne4 30. Qc2 Rcb8 31.
Rb1 Qd3 32. Qxd3 Nf2+ 33. Kg1 Nxd3 34. Bf1 Nb4 35. Ne5 Bxe5 36. fxe5 Nc6 37. Be2 f6 38. exf6 Kf7 39. Bb2 Kxf6 40. Bc1 a4 41. e4 Rxb3 42. Bd1 Rxb1 43. Bb3 Rxc1+ 44. Kg2 axb3 45. e5+ Nxe5 46. dxe5+ Kxe5 47. Kh3 b2 48. c6 Ra4 49. g4 Rc3+ 50. Kh4 Ra2 51. h3 Raa3 52. Kg5 h6+ 53. Kxg6 Rxh3 54. Kf7 Rac3 55. g5 hxg5 56. Ke8 Kd6 57.
Kf7 Rh6 58. Kg7 g4 59. Kxh6 Kxc6 60. Kh5 g3 61. Kh4 g2 62. Kh5 g1=Q 63. Kh6 Rh3# 0-1

[Event "*** Titled Tuesday 3|2 Blitz"]
[Site "Chess.com"]
[Date "2017.05.02"]
[Round "3"]
[White "underdogchss"]
[Black "jcibarra"]
[Result "0-1"]
[WhiteElo "2399"]
[BlackElo "2655"]
[TimeControl "180+2"]
[EndTime "13:35:57 PDT"]
[Termination "jcibarra won by resignation"]

1. d4 Nf6 2. Nf3 g6 3. c3 d6 4. h3 Bg7 5. Bf4 O-O 6. Nbd2 c5 7. e3 Be6 8. Be2 Qb6 9. Qc2 Nc6 10. dxc5 Qxc5 11. Nd4 Bd7 12. Bg3 Rac8 13. N2b3 Qb6 14. Nxc6 bxc6 15. O-O c5 16. Nd2 d5 17. c4 Bf5 18.
Qb3 d4 19. Qxb6 axb6 20. exd4 cxd4 21. Rfe1 Nd7 22. Bf3 e5 23. Bd5 Rfe8 24. Ne4 Bxe4 25. Rxe4 Nc5 26. Re2 d3 27. Rd2 Bh6 28. Rdd1 e4 29. Re1 Na4 30. Rab1 Bg7 31. Rxe4 Nxb2 32. Rxe8+ Rxe8 33. Bf4 Bc3 34. g4 Re2 35. Kf1 Bd4 36. Be3 Bxe3 37. fxe3 Rc2 38. Be4 Rd2 39. Rxb2 Rxb2 40.
Bxd3 Rxa2 41. Be2 Kf8 42. Kf2 Ke7 43. Kf3 Kd6 44. Bd3 Ra3 45. Ke4 Kc5 46. g5 Rc3 47. Bf1 Rxc4+ 48. Ke5 Rc3 49. e4 Rf3 50.
Be2 Rf2 51. Ba6 b5 52. h4 b4 53. Bd3 b3 54. h5 gxh5 55. Bb1 b2 56. Ba2 h4 57. g6 fxg6 58. Bb1 Rf1 59. Bd3 b1=Q 60. Bxf1 Qxf1 0-1

[Event "*** Titled Tuesday 3|2 Blitz"]
[Site "Chess.com"]
[Date "2017.05.02"]
[Round "3"]
[White "oskariot"]
[Black "LawrenceTrent"]
[Result "1/2-1/2"]
[WhiteElo "2442"]
[BlackElo "2430"]
[TimeControl "180+2"]
[EndTime "13:35:58 PDT"]
[Termination "Game drawn by agreement"]

1. e4 e5 2. Nf3 Nc6 3. Bb5 a6 4. Ba4 Nge7 5. O-O g6 6. c3 Bg7 7.
d4 exd4 8. cxd4 b5 9. Bb3 d6 10. d5 Na5 11. Bd2 c5 12. dxc6 Nexc6 13. Bc3 O-O 14.
Bxg7 Kxg7 15. Nc3 Bg4 16. h3 Bxf3 17. Qxf3 Qf6 18. Qxf6+ Kxf6 19. Nd5+ Kg7 20. Rfd1 Rfd8 21. Rac1 Rac8 22. Nb6 Rb8 23. Nd5 Rbc8 24. Rc3 Nxb3 25. Rxb3 Ne5 26. Rc3 Kf8 27. f4 Rxc3 28. Nxc3 Nc4 29.
b3 Nb6 30. Kf2 Ke7 31. Rc1 Kd7 32. Nd5 Nxd5 33. exd5 Rc8 34. Rxc8 Kxc8 35. b4 Kd7 36. Kf3 f5 37. g3 Ke7 38. g4 fxg4+ 39. hxg4 Kf6 40.
Ke4 h5 41. g5+ Kf7 42. Kf3 Kg7 43. Kg3 Kf7 44. Kh3 Kg7 45. Kg2 Kf7 46. Kh2 Kg7 47. Kg3 Kf7 48. Kh4 Kg7 49. Kg3 Kf7 50. Kf2 Ke7 51.
Ke1 Kf7 52. Kd2 Ke7 53. Ke3 Kf7 54. Kf3 Ke7 55. Kg2 Kf7 56. Kh3 Kg7 57. Kh4 Kf7 58. Kg3 Kg7 59. Kh3 Kf7 60. Kh4 Kg7 61.
Kh3 1/2-1/2

[Event "*** Titled Tuesday 3|2 Blitz"]
[Site "Chess.com"]
[Date "2017.05.02"]
[Round "3"]
[White "Vegan4future"]
[Black "supertfc"]
[Result "0-1"]
[WhiteElo "2291"]
[BlackElo "2357"]
[TimeControl "180+2"]
[EndTime "13:36:01 PDT"]
[Termination "supertfc won by checkmate"]

1. e4 e5 2. Nf3 Nc6 3. Bc4 Nf6 4.
d3 Be7 5. O-O O-O 6. Re1 d6 7.
h3 Na5 8. Bb3 Nxb3 9. axb3 h6 10.
b4 c6 11. Be3 Be6 12. c4 a5 13. bxa5 Rxa5 14. Nc3 Qa8 15. Bb6 Rxa1 16. Qxa1 Nd7 17.
Be3 Qb8 18. b4 f5 19. exf5 Bxf5 20. d4 e4 21. Nd2 Nf6 22. d5 Qc8 23. Qa7 cxd5 24.
Nxd5 Nxd5 25. cxd5 Bf6 26. Nf1 Be5 27. Rc1 Qd7 28.
Qb6 Bxh3 29. gxh3 Qxh3 30. Qxb7 Qg4+ 31. Kh1 Rf5 32. Qc8+ Kh7 33. Qxf5+ Qxf5 34. b5 Qf3+ 35. Kg1 h5 36. Nh2 Bxh2+ 37. Kxh2 Qf5 38. b6 Qe5+ 39.
Kg1 Qxd5 40. Rb1 Qb7 41. Kg2 Kg6 42. Kg3 Kf5 43. Rb5+ d5 44. Rb1 g5 45. Kg2 h4 46.
Rc1 Ke5 47. Rc7 Qb8 48. Re7+ Kf6 49. Rd7 Ke6 50. Rg7 Kf6 51. Ra7 g4 52. Rh7 h3+ 53. Kf1 Kg6 54. Rh6+ Kg7 55. Rh4 Qc8 56. Ke2 Qc4+ 57. Ke1 Qb4+ 58. Ke2 d4 59. Rxg4+ Kf7 60. Rf4+ Kg6 61. Rg4+ Kf5 62. Rf4+ Ke5 63. Bd2 Qb5+ 64. Ke1 Qb1+ 65. Ke2 d3+ 66. Ke3 Qxb6# 0-1

[Event "*** Titled Tuesday 3|2 Blitz"]
[Site "Chess.com"]
[Date "2017.05.02"]
[Round "3"]
[White "Vrolijk"]
[Black "Ilja_Semjonovs"]
[Result "1/2-1/2"]
[WhiteElo "2313"]
[BlackElo "2238"]
[TimeControl "180+2"]
[EndTime "13:36:48 PDT"]
[Termination "Game drawn by repetition"]

1. d4 Nf6 2. c4 c5 3. d5 b5 4.
cxb5 a6 5. bxa6 g6 6. Nc3 Bg7 7.
a7 Rxa7 8. e4 O-O 9. Nf3 d6 10.
Be2 Ba6 11. O-O Bxe2 12. Qxe2 Na6 13. a4 Nb4 14. Bd2 Qa8 15. b3 Na6 16. Nb5 Rb7 17. Bc3 Nc7 18. Nxc7 Rxc7 19. Nd2 Rb8 20. Rab1 e6 21.
dxe6 fxe6 22. Nc4 Qxe4 23. Qd2 Rd7 24. Rfe1 Qd5 25. Qe2 e5 26. a5 Qc6 27. Red1 Ne4 28.
Be1 d5 29. Nb6 Rdd8 30. Nxd5 Rxd5 31. Qxe4 Rxd1 32. Qxc6 Rxb1 33. Kf1 e4 34. Qxe4 R1xb3 35. Qc4+ Kh8 36. Qxc5 Rb1 37. Qc2 Ra1 38. g3 Re8 39. Kg2 Raxe1 40. Qc6 Rf8 41. a6 Re7 42. Qc5 Ree8 43.
f4 Ra8 44. Qc6 Ra7 45. Qb6 Rfa8 46. h4 Rxa6 47. Qb7 R6a7 48. Qc6 Rb8 49. Kh3 Re7 50.
Qd6 Rbe8 51. Qd5 Re3 52. h5 gxh5 53. Qxh5 Rg8 54. Qc5 Rc3 55. Qd6 Rxg3+ 56. Kh4 Rg6 57. Qd5 Bf6+ 58. Kh5 Bg7 59. Qf7 Rf6 60. Qc4 Rg6 61.
Qf7 Rg1 62. Qa7 Rg6 63. Qf7 Rf6 64. Qc4 Rg6 65. Qf7 1/2-1/2

[Event "*** Titled Tuesday 3|2 Blitz"]
[Site "Chess.com"]
[Date "2017.05.02"]
[Round "3"]
[White "Aygehovit1992"]
[Black "Cryptochess"]
[Result "1/2-1/2"]
[WhiteElo "2504"]
[BlackElo "2467"]
[TimeControl "180+2"]
[EndTime "13:36:49 PDT"]
[Termination "Game drawn by agreement"]

1. e4 d6 2. d4 Nf6 3. Nc3 g6 4.
Nf3 Bg7 5. Be2 O-O 6. O-O c6 7. h3 b5 8. a3 Nbd7 9. Bf4 Nb6 10. d5 cxd5 11. exd5 a6 12. Nd4 Bb7 13. Nc6 Qc7 14. Bf3 Rac8 15. Re1 Nbxd5 16. Bxd5 Bxc6 17. Bxc6 Qxc6 18. Rxe7 d5 19. Be5 Qc5 20. Bxf6 Bxf6 21. Rd7 Bxc3 22. Rxd5 Qc4 23. bxc3 Qxc3 24. Rd2 Rfe8 25.
a4 b4 26. a5 Rc5 27. Rd8 Re5 28. Rxe8+ Rxe8 29. Rb1 Rc8 30. Kf1 Qxc2 31. Qxc2 Rxc2 32. Rxb4 Ra2 33. Rb8+ Kg7 34. Ra8 Rxa5 35. h4 h6 36. g3 Kf6 37. Kg2 Kf5 38. Rf8 Ke6 39. g4 Rd5 40. Ra8 Rd6 41. Kg3 Kd5 42. Ra7 Ke6 43.
f3 Kf6 44. Ra8 g5 45. h5 Ke5 46. Ra7 Rf6 47. Kf2 Kd5 48. Ke3 Kc5 49. Ke4 Kb5 50. Ra8 a5 51. Rb8+ Ka4 52. Rh8 Ka3 53. Ke5 Re6+ 54.
Kf5 a4 55. Rf8 Kb2 56. Rxf7 Ra6 57. Rb7+ Kc3 58. Rc7+ Kd3 59. f4 gxf4 60. Kxf4 a3 61. Rc1 a2 62. Ra1 Kc2 63. g5 Ra4+ 64. Kf5 Ra5+ 65. Kf6 hxg5 66. Rxa2+ Rxa2 67. Kxg5 Kd3 68. h6 Rg2+ 69. Kf6 Rh2 70. Kg7 Ke4 71. h7 Rg2+ 72. Kf7 Rf2+ 73. Kg7 Rg2+ 74. Kf7 Rh2 75. Kg7 1/2-1/2

[Event "*** Titled Tuesday 3|2 Blitz"]
[Site "Chess.com"]
[Date "2017.05.02"]
[Round "3"]
[White "pawnwonder"]
[Black "Lawliet64"]
[Result "0-1"]
[WhiteElo "1836"]
[BlackElo "2024"]
[TimeControl "180+2"]
[EndTime "13:36:55 PDT"]
[Termination "Lawliet64 won by resignation"]

1. e4 c5 2. Nf3 d6 3. c3 e6 4. Be2 Nf6 5. O-O Nc6 6. Qc2 d5 7. e5 Nd7 8. Bb5 a6 9. Bxc6 bxc6 10.
d4 cxd4 11. cxd4 c5 12. Be3 cxd4 13. Bxd4 Bb7 14. Nc3 Be7 15. Rac1 O-O 16. Qe2 Rc8 17. Na4 Qa5 18. Nc3 Bc5 19. Bxc5 Nxc5 20. Ng5 h6 21. Nf3 Ne4 22. Nxe4 dxe4 23. Nd2 Qxa2 24. Nxe4 Bxe4 25. Qxe4 Qxb2 26. Ra1 Rc5 27. Rxa6 Qxe5 28. Qxe5 Rxe5 29. Ra7 Rd8 30. Ra2 Red5 31. g3 Rd1 32. Kg2 Rxf1 33. Kxf1 Kh7 34. Ra7 Kg6 35. Kg2 Rd2 36. h3 Rb2 37. h4 h5 38. Ra5 f6 39. Ra6 e5 40.
Kf3 Kf5 41. Ra7 Rb3+ 42. Kg2 g5 43. hxg5 Kxg5 44. Rg7+ Kh6 45. Rf7 Kg6 46. Rf8 Rb6 47.
Rg8+ Kh7 48. Ra8 Kg7 49. Ra7+ Kg6 50. Ra8 Rb3 51. Rg8+ Kh7 52. Ra8 Rb2 53. Ra6 Kg6 54.
Ra8 Rb4 55. Rg8+ Kh7 56. Rf8 Kg7 57. Ra8 h4 58. Ra7+ Kg6 59. gxh4 Rxh4 60. Kg3 Rh1 61.
Kg2 Rb1 62. Ra6 Kg5 63. Kf3 Rb3+ 64. Ke2 f5 65. Ra8 Kf4 66. Ra4+ e4 67. Ra2 Rc3 68. Rb2 Kg4 69. Kf1 Kf3 70. Rb1 f4 71. Ra1 Rc8 72.
Rb1 e3 73. fxe3 fxe3 74. Re1 Rh8 75. Kg1 e2 76. Ra1 Rg8+ 77. Kh1 Kf2 0-1

[Event "*** Titled Tuesday 3|2 Blitz"]
[Site "Chess.com"]
[Date "2017.05.02"]
[Round "3"]
[White "RitvarsReimanis"]
[Black "djogrodek1"]
[Result "1/2-1/2"]
[WhiteElo "2437"]
[BlackElo "2422"]
[TimeControl "180+2"]
[EndTime "13:37:01 PDT"]
[Termination "Game drawn by agreement"]

1. d4 d5 2. c4 c6 3. Nf3 Nf6 4.
e3 Bf5 5. Nc3 e6 6. Nh4 Be4 7. f3 Bg6 8. Qb3 Qc7 9. g3 Be7 10. Bd2 a6 11. Rc1 dxc4 12. Bxc4 b5 13. Be2 Nbd7 14. Ng2 c5 15. O-O O-O 16. Nf4 Qa7 17. d5 c4 18. Qd1 e5 19. Nxg6 hxg6 20.
Kg2 Bc5 21. e4 Bd4 22. a3 Nc5 23. Bg5 Nb3 24. Rc2 Be3 25. Bxe3 Qxe3 26. Qe1 Rab8 27. Qf2 Qxf2+ 28. Rxf2 Ne8 29. Bd1 Nd6 30. Rce2 Nd4 31. Re3 g5 32. f4 gxf4 33. gxf4 f6 34. Ne2 a5 35. Ng3 Rfe8 36. Bh5 exf4 37. Rxf4 Re5 38. Bg6 Rg5 39. Bf5 Re8 40. Kf2 N4xf5 41. exf5 Rxe3 42. Kxe3 Kf7 43. Kd4 Ke7 44. Kc5 Kd7 45. Kd4 Kc7 46.
Ke3 Kb6 47. Kf3 g6 48. h4 Rxg3+ 49. Kxg3 Nxf5+ 50. Rxf5 gxf5 51. h5 b4 52. axb4 axb4 53. h6 c3 54. bxc3 bxc3 55. h7 c2 56. h8=Q c1=Q 57.
Qxf6+ Kc7 58. Qe5+ Kb7 59. Qxf5 Qg1+ 60. Kh4 Kc7 61.
Qe5+ Kd8 62. Qe6 Qg7 63. Qb6+ Qc7 64. Qe6 Qe7+ 65. Kg4 Qxe6+ 66. dxe6 Ke7 67. Kf5 Ke8 68.
Ke5 Ke7 69. Kd5 Ke8 70. Kd6 Kd8 71. Ke5 Ke7 72. Kf5 Ke8 73. Kf6 Kf8 74. Ke5 Ke7 75.
Kd5 Ke8 76. Kd4 Ke7 77. Ke5 Ke8 1/2-1/2

[Event "*** Titled Tuesday 3|2 Blitz"]
[Site "Chess.com"]
[Date "2017.05.02"]
[Round "3"]
[White "SerGo055"]
[Black "chessdude"]
[Result "1-0"]
[WhiteElo "2390"]
[BlackElo "2421"]
[TimeControl "180+2"]
[EndTime "13:37:13 PDT"]
[Termination "SerGo055 won by resignation"]

1. d4 Nf6 2. Nf3 e6 3. c4 b6 4.
g3 Ba6 5. Nbd2 Bb4 6. Qc2 O-O 7. Bg2 d5 8. O-O Bb7 9. Ne5 Bd6 10. Ndf3 Nbd7 11.
Bf4 Rc8 12. Rfd1 dxc4 13. Qxc4 Bd5 14. Qa4 Qe8 15. Nd3 Bxf4 16. Nxf4 a5 17. Nxd5 exd5 18. e3 Ne4 19. Rac1 Ndf6 20. Qxe8 Rfxe8 21. Rc6 Red8 22. Rdc1 Ne8 23. Ne5 N4f6 24. h4 h5 25. Bh3 Ra8 26.
f3 a4 27. R6c3 Rd6 28. Kf2 Ra5 29. Nc6 Ra8 30. Ke2 g6 31. Kd2 Nd7 32. Bxd7 Rxd7 33. Ne5 Rd6 34. Rc6 Rxc6 35. Rxc6 Kf8 36. Kc3 a3 37. b3 Ke7 38. Kb4 Ra6 39. g4 hxg4 40.
fxg4 Ra8 41. h5 gxh5 42. gxh5 f6 43. Nd3 Kd7 44. Rc2 Nd6 45. Nf4 c6 46. Rg2 Ne4 47. Rg7+ Kd6 48. h6 Rh8 49. Rg6 c5+ 50. Kxa3 c4 51.
bxc4 dxc4 52. Kb2 c3+ 53. Kc2 Ra8 54. Kb1 Rc8 55. h7 Rh8 56. Rh6 Ng5 57. Rxf6+ Ke7 58. Rf5 Nxh7 59. Ng6+ Ke6 60. Re5+ Kd6 61. Nxh8 Nf6 62. Kc2 Ng4 63. Kxc3 Nxe5 64. dxe5+ Kxe5 65. Ng6+ Ke4 66. Kd2 Kd5 67. Nf4+ Kc4 68. Ne2 Kb4 69. Nc3 Ka3 70. Kd3 Kb4 71. Kd4 b5 72. e4 1-0

[Event "*** Titled Tuesday 3|2 Blitz"]
[Site "Chess.com"]
[Date "2017.05.02"]
[Round "3"]
[White "GMBenjaminBok"]
[Black "biostatistician"]
[Result "1-0"]
[WhiteElo "2657"]
[BlackElo "2402"]
[TimeControl "180+2"]
[EndTime "13:37:14 PDT"]
[Termination "GMBenjaminBok won by resignation"]

1. Nf3 Nf6 2. g3 g6 3. Bg2 Bg7 4. c4 O-O 5. d4 b6 6. Nc3 Bb7 7. d5 Na6 8. e4 Nc5 9. Nd4 e5 10. Nc2 a5 11. O-O d6 12. b3 Nh5 13. Rb1 Bc8 14. a3 f5 15. b4 axb4 16. axb4 Nxe4 17. Nxe4 fxe4 18. Bxe4 Bh3 19. Bg2 Qd7 20. Ne3 Rf7 21.
Bxh3 Qxh3 22. Qg4 Qxg4 23. Nxg4 Ra2 24. Bg5 Rf8 25. Ra1 Rfa8 26. Rxa2 Rxa2 27. Bd8 Ra7 28. Rc1 Kf7 29. c5 bxc5 30. bxc5 Ke8 31. Bg5 dxc5 32. Rxc5 Kd7 33. Kg2 Kd6 34. Rb5 Ra4 35. h3 Rd4 36. Ne3 Bf6 37. Bh6 Bg7 38. Bxg7 Nxg7 39. Rb8 Nf5 40. Rd8+ Ke7 41. Rh8 Nxe3+ 42.
fxe3 Rxd5 43. Rxh7+ Kd6 44. Rg7 c5 45. Rxg6+ Kc7 46. Kf3 c4 47. Ke4 Rd2 48. Ra6 Rg2 49. g4 Rg3 50. Ra4 Rxh3 51. Rxc4+ Kd6 52. Rc3 Ke6 53. Rc6+ Kf7 54. Rc3 Kf6 55. g5+ Kxg5 56. Kxe5 Kg6 57. Ke6 Rh8 58. e4 Re8+ 59. Kd5 Kf6 60.
Rc6+ Kf7 61. Rc7+ Kf6 62. Rd7 Re5+ 63. Kd4 Ra5 64. Rd5 Ra4+ 65. Ke3 Ke6 66. Kf4 Rb4 67. Rh5 Rb1 68. Rh6+ Ke7 69. Kf5 Rb5+ 70. e5 Ke8 71. Rh8+ Ke7 72. Rh7+ Ke8 73. Kf6 Rb1 74. Rh8+ Kd7 75.
e6+ Kd6 76. Rd8+ Kc7 77. e7 Rf1+ 78. Kg5 Re1 79. e8=Q 1-0